 Dungeon Crawl Stone Soup version 0.24-a0-201-gf205589 (webtiles) character file.

Game seed: 4567137676222246452

17 Ivan the Skirmisher (level 2, -1/24 HPs)
             Began as a Demonspawn Abyssal Knight on Mar 24, 2019.
             Was a Follower of Lugonu.
             Slain by a kobold (3 damage)
             ... on level 1 of the Dungeon.
             The game lasted 00:01:49 (320 turns).

Ivan the Skirmisher (Demonspawn Abyssal Knight)      Turns: 320, Time: 00:01:50

Health: -1/24      AC:  3    Str: 12    XL:     2   Next: 44%
Magic:  3/3        EV: 11    Int: 13    God:    Lugonu [*.....]
Gold:   15         SH:  0    Dex: 12    Spells: 1/1 levels left

rFire    . . .     SeeInvis .   a - +1 mace
rCold    . . .     Gourm    .   (no shield)
rNeg     . . .     Faith    .   b - +0 leather armour
rPois    .         Spirit   .   (no helmet)
rElec    .         Reflect  .   (no cloak)
rCorr    .         Harm     .   (no gloves)
MR       .....                  (no boots)
Stlth    +.........             (no amulet)
HPRegen  0.08/turn              (no ring)
MPRegen  0.08/turn              (no ring)

@: no status effects
A: talons 1
a: Depart the Abyss, Renounce Religion


You were on level 1 of the Dungeon.
You worshipped Lugonu.
Lugonu was aware of your devotion.
You were not hungry.

You visited 1 branch of the dungeon, and saw 1 of its levels.
You visited the Abyss 1 time.

You collected 15 gold pieces.

Inventory:

Hand Weapons
 a - a +1 mace (weapon)
Armour
 b - a +0 leather armour (worn)
Scrolls
 d - a scroll of teleportation {unknown}
 e - a scroll of fog {unknown}
 f - a scroll of random uselessness {unknown}
Potions
 g - a potion of brilliance {unknown}
 h - a potion of agility {unknown}
Comestibles
 c - a ration


   Skills:
 + Level 3.4 Fighting
 + Level 2.0 Maces & Flails
 + Level 1.9 Armour
 + Level 1.1 Dodging
 + Level 2.6 Invocations


You had one spell level left.
You didn't know any spells.
Your spell library was empty.

Dungeon Overview and Level Annotations

Branches:
Dungeon (1/15)

Altars:


Innate Abilities, Weirdness & Mutations

You have sharp toenails.


Message History

You hit the hobgoblin. Your kick misses the hobgoblin.
The hobgoblin is moderately wounded.
The hobgoblin closely misses you.
You hit the hobgoblin. You claw the hobgoblin.
You kill the hobgoblin!
Lugonu accepts your kill.
The kobold throws a stone.
The stone closely misses you.
The kobold throws a stone.
The stone barely misses you. The kobold hits you.
* * * LOW HITPOINT WARNING * * *
You see here a goblin corpse.
You barely miss the kobold. The kobold barely misses you.
You hit the kobold.
The kobold is heavily wounded.
The kobold hits you.
* * * LOW HITPOINT WARNING * * *
You barely miss the kobold.
The kobold is heavily wounded.
The kobold barely misses you. The kobold hits you.
You die...

##.# #.# ##.# #.#
#.# .# .(.# #.#
#.. .. #### #.#
#.# .. #.# #.# .#
#.# ##.## #.####
#.# #...# .....
#####
#.####.#.##..#
....#
#.......K@..(#
###[#
#######..#####
#.# #..# #.#
#.... #.# ##...#
#.# #.#K# #.#
#.#.#
#.###########....
#...........#


You could see a kobold.

Vanquished Creatures
  3 goblins (D:1)
  2 hobgoblins (D:1)
  3 kobolds (D:1)
  5 bats (D:1)
  A frilled lizard (D:1)
  A rat (D:1)
15 creatures vanquished.

Notes
Turn   | Place    | Note
-------+----------+-------------------------------------------
     0 | Abyss:1  | Ivan the Demonspawn Abyssal Knight began the quest for the
                  | Orb.
     0 | Abyss:1  | Reached XP level 1. HP: 18/18 MP: 2/2
    36 | Abyss:1  | Found an ancient bone altar of Kikubaaqudgha.
    56 | Abyss:1  | Noticed a flayed ghost
    57 | D:1      | Escaped the Abyss
   186 | D:1      | Reached * piety under Lugonu
   188 | D:1      | Reached skill level 1 in Dodging
   219 | D:1      | Gained mutation: You have sharp toenails. [demonic
                  | ancestry]
   219 | D:1      | Reached XP level 2. HP: 10/24 MP: 3/3
   320 | D:1      | Slain by a kobold

Levels and vault maps discovered:
D:1:      dpeg_arrival_rhombus, layout_loops_ring, minmay_misc_feat_iff
Abyss:1

Skill      XL: |  1  2 |
---------------+-------+-----
Dodging        | 1 |  1.1
Maces & Flails | 2 |  2.0
Fighting       | |  3.4
Armour         | |  1.9
Invocations    | |  2.6

Action                   || total
-------------------------++-------
Melee: Mace              ||    41
       Kick              ||     4
Invok: Depart the Abyss  ||     1
Armor: Leather armour    ||    22
Dodge: Dodged            ||    48

Table legend:
 A = Non-vault XP
 B = Vault XP
 C = Vault XP percentage of total XP
 D = Non-vault monster count
 E = Vault monster count
 F = Vault count percentage of total count
                 A         B        C        D         E       F
            +---------+---------+-------+---------+---------+-------
      Total |      25 |       0 |   0.0 |      15 |       0 |   0.0
            +---------+---------+-------+---------+---------+-------
        D:1 |      25 |       0 |   0.0 |      15 |       0 |   0.0
            +---------+---------+-------+---------+---------+-------
